 Dungeon Crawl Stone Soup version 0.20-a0-1116-gaa52201 (webtiles) character file.

791 Infinimo the Reanimator (level 7, -5/46 HPs)
             Began as a Mummy Necromancer on May 8, 2017.
             Was an Initiate of Vehumet.
             Shot with an arrow by a centaur (13 damage)
             ... on level 5 of the Dungeon.
             The game lasted 00:12:27 (6165 turns).

Infinimo the Reanimator (Mummy Necromancer)         Turns: 6165, Time: 00:12:28

Health: -5/46      AC:  4    Str: 12    XL:     7   Next: 57%
Magic:  9/14       EV: 12    Int: 20    God:    Vehumet [......]
Gold:   264        SH:  0    Dex: 12    Spells: 8/16 levels left

rFire    x . .     SeeInvis .   i - +6 trident "Xastrac" {freeze, rElec MR- Int+4}
rCold    + . .     Gourm    .   (no shield)
rNeg     + + +     Faith    .   h - +0 robe
rPois    ∞         Spirit   .   a - +1 helmet
rElec    +         Reflect  .   (no cloak)
rCorr    .         Harm     .   (no gloves)
MR       .....                  (no boots)
Stlth    ++........             (no amulet)
Regen    0.2/turn               (no ring)
MPRegen  0.2/turn               (no ring)

@: no status effects
A: no food or potions, fire vulnerability, cold resistance 1, negative energy
resistance 3, torment resistance, unbreathing
a: Renounce Religion


You were on level 5 of the Dungeon.
You worshipped Vehumet.
Vehumet was noncommittal.
You were not hungry.

You visited 2 branches of the dungeon, and saw 6 of its levels.

You collected 264 gold pieces.

Inventory:

Hand Weapons
 i - the +6 trident "Xastrac" (weapon) {freeze, rElec MR- Int+4}
   (You found it on level 4 of the Dungeon)

   It has been specially enchanted to freeze those struck by it, causing extra
   injury to most foes and up to half again as much damage against particularly
   susceptible opponents.
   It can also slow down cold-blooded creatures.
   It affects your intelligence (+4).
   It insulates you from electricity.
   It affects your resistance to hostile enchantments.
Armour
 a - a +1 helmet (worn)
 h - a +0 robe (worn)
Jewellery
 f - an uncursed ring of protection from fire {unknown}
Scrolls
 c - a scroll of amnesia
 d - 3 scrolls of identify
 e - 4 scrolls of magic mapping
Books
 b - a book of Necromancy

   Spells                             Type                      Level
   a - Pain                           Necromancy                   1
   b - Animate Skeleton               Necromancy                   1
   c - Vampiric Draining              Necromancy                   3
   d - Regeneration                   Charms/Necromancy            3
   e - Animate Dead                   Necromancy                   4
   f - Control Undead                 Necromancy                   4


   Skills:
 - Level 1.5 Dodging
 - Level 1.5 Stealth
 - Level 5.1 Spellcasting
 + Level 8.7 Necromancy


You had 8 spell levels left.
You knew the following spells:

 Your Spells              Type           Power        Failure   Level  Hunger
a - Pain                  Necr           ####         1%          1    N/A
b - Vampiric Draining     Necr           #####.....   1%          3    N/A
c - Animate Dead          Necr           N/A          3%          4    N/A

Dungeon Overview and Level Annotations

Branches:
Dungeon (5/15)             Temple (1/1) D:5

Altars:
Ashenzari
Cheibriados
Dithmenos
Fedhas
Hepliaklqana
Kikubaaqudgha
Makhleb
Nemelex Xobeh
Okawaru
Qazlal
Ru
Trog
Uskayaw
Vehumet
Wu Jian
Xom
Yredelemnul
Zin


Innate Abilities, Weirdness & Mutations

You do not eat or drink.
Your flesh is vulnerable to fire.
You are immune to poison.
Your flesh is cold resistant. (rC+)
You are immune to negative energy. (rN+++)
You are immune to unholy pain and torment.
You can survive without breathing.


Message History

Confirm with . or Enter, or press ? or * to list all spells.
Aiming: Pain
Press: ? - help, Shift-Dir - straight line, f/p - centaur
Aim: a centaur, wielding a shortbow (moderately wounded, chance to defeat MR: 84%)
The centaur writhes in agony!
The centaur shoots an arrow.
Casting: Pain
Confirm with . or Enter, or press ? or * to list all spells.
Aiming: Pain
Press: ? - help, Shift-Dir - straight line, f/p - centaur
Aim: a centaur, wielding a shortbow (moderately wounded, chance to defeat MR: 84%)
The centaur writhes in agony!
The centaur shoots an arrow.
The arrow hits you!
The centaur shoots an arrow.
The arrow hits you!
* * * LOW HITPOINT WARNING * * *
Casting: Pain
Confirm with . or Enter, or press ? or * to list all spells.
Aiming: Pain
Press: ? - help, Shift-Dir - straight line, f/p - centaur
Aim: a centaur, wielding a shortbow (heavily wounded, chance to defeat MR: 84%)
The centaur writhes in agony!
The centaur shoots an arrow.
The arrow hits you!
You die...

###### .....##### ###
##.......# #..
#.#.###.# #.# # #.#.#
#.# #%#.# #.#.###.#
#.###.#.# #.#..##.#
#c......# #.##.##.#
#@# ##.##.##.# ##.##
#........######)..####
................>....+
#...#.###...###...####
##.##.# #.⌠.# #..##
####.###...###.## ...
####.).........# #...
#.....⌠..>..⌠..## #..#


You could see a centaur.

Vanquished Creatures
  A phantom (D:5)
  2 ogres (D:5)
  2 centaurs (D:5)
  A scorpion (D:4)
  A crimson imp (D:5)
  2 hounds (D:5)
  2 orc wizards
  A worker ant (D:4)
  A hound skeleton (D:5)
  Robin (D:3)
  3 adders
  A gnoll (D:1)
  An ooze (D:5)
  4 worms
  A dart slug (D:2)
  2 leopard geckos
  8 orcs
  5 giant cockroaches
  11 goblins
  10 hobgoblins
  2 jackals (D:5)
  9 kobolds
  2 quokkas
  A ball python (D:3)
  9 bats
  6 frilled lizards
  9 rats
98 creatures vanquished.

Notes
Turn   | Place    | Note
-------+----------+-------------------------------------------
     0 | D:1      | Infinimo the Mummy Necromancer began the quest for the Orb.
     0 | D:1      | Reached XP level 1. HP: 13/13 MP: 4/4
   156 | D:1      | Reached XP level 2. HP: 19/19 MP: 2/5
   874 | D:1      | Reached skill level 5 in Necromancy
  1255 | D:2      | Reached XP level 3. HP: 16/24 MP: 0/7
  1321 | D:2      | Found an ancient bone altar of Kikubaaqudgha.
  1596 | D:2      | Learned a level 3 spell: Vampiric Draining
  1808 | D:2      | Found a sacrificial altar of Ru.
  2224 | D:3      | Noticed Robin
  2789 | D:3      | Reached XP level 4. HP: 30/30 MP: 2/9
  3186 | D:3      | Killed Robin
  3186 | D:3      | Reached skill level 5 in Spellcasting
  3356 | D:3      | Reached XP level 5. HP: 35/35 MP: 9/12
  3362 | D:3      | Learned a level 4 spell: Animate Dead
  3998 | D:4      | Reached skill level 6 in Necromancy
  4091 | D:4      | Reached XP level 6. HP: 41/41 MP: 7/13
  4096 | D:4      | Got a shimmering trident
  4097 | D:4      | Identified the +6 trident "Xastrac" {freeze, rElec MR- Int+4} (You found it on level 4 of the Dungeon)
  4187 | D:4      | Found a stormy altar of Qazlal.
  4222 | D:4      | Found a glowing silver altar of Zin.
  4319 | D:5      | Entered Level 5 of the Dungeon
  4432 | D:5      | Noticed a slave
  4768 | D:5      | Reached skill level 7 in Necromancy
  5096 | D:5      | Reached XP level 7. HP: 22/46 MP: 14/14
  5273 | D:5      | Found a staircase to the Ecumenical Temple.
  5286 | D:5      | Found a blossoming altar of Fedhas.
  5320 | Temple   | Entered the Ecumenical Temple
  5741 | Temple   | Became a worshipper of Vehumet
  5759 | D:5      | Reached skill level 8 in Necromancy
  6165 | D:5      | Shot with an arrow by a centaur

Vault maps used:
D:1:      minmay_arrival_radiant_lines, minmay_fountain_box
D:2:      lemuel_doored_altar, nicolae_overflow_crystal_walls,
          nicolae_underground_beach
D:3:      minmay_misc_feat_square, hangedman_decor_growths, uniq_robin
D:4:      kennysheep_mini_moat, zin_statuary, minmay_statues_item,
          hangedman_decor_clover_reticule
D:5:      fedhas_altar_2, minmay_temple_entry_junction, serial_shops,
          nicolae_shop_stone, first_bread, uniq_pikel
Temple:   nicolae_temple_figure_eight

Skill      XL: |  1  2  3  4  5  6  7 |
---------------+----------------------+-----
Necromancy     | 5 6 7 8 |  8.7
Spellcasting   | 3 5 |  5.1
Dodging        | |  1.5
Stealth        | |  1.5

Action                   |  1- 3 |  4- 6 |  7- 9 || total
-------------------------+-------+-------+-------++-------
Melee: Unarmed           |     7 |     2 |       ||     9
       Short sword       |       |     2 |       ||     2
       Trident           |       |    19 |     4 ||    23
 Cast: Pain              |    85 |   113 |    29 ||   227
       Animate Dead      |       |       |     2 ||     2
  Use: Scroll            |     4 |     1 |     2 ||     7
Armor: Robe              |     5 |     5 |     1 ||    11
Dodge: Dodged            |    24 |    26 |    14 ||    64
